 Dungeon Crawl Stone Soup version 0.23-a0-169-gb21e695 (webtiles) character file.

5749 HarryHood the Basher (level 10, -12/67 HPs)
             Began as a Gargoyle Berserker on Sept 12, 2018.
             Was an Elder of Trog.
             Killed by divine providence
             ... invoked by an orc priest
              (13 damage)
             ... on level 8 of the Dungeon.
             The game lasted 00:28:17 (6585 turns).

HarryHood the Basher (Gargoyle Berserker)           Turns: 6585, Time: 00:28:18

Health: -12/67     AC: 29    Str: 22    XL:     10   Next: 77%
Magic:  7/10       EV:  8    Int:  9    God:    Trog [****..]
Gold:   113        SH:  3    Dex: 10    Spells: 9/9 levels left

rFire    x . .     SeeInvis .   a - +1 flail
rCold    + + .     Gourm    .   (no shield)
rNeg     + . .     Faith    .   z - +1 chain mail {rC+}
rPois    ∞         Spirit   .   x - +1 helmet
rElec    +         Reflect  +   o - +2 cloak
rCorr    .         Harm     .   n - +0 pair of gloves
MR       .....                  v - +2 pair of boots
Stlth    ..........             y - +3 amulet of reflection
HPRegen  0.21/turn              h - ring of stealth
MPRegen  0.12/turn              s - ring of ice

@: no status effects
A: negative energy resistance 1, electricity resistance, unbreathing,
petrification resistance, rot immunity, AC +7
a: Berserk, Trog's Hand, Brothers in Arms, Renounce Religion


You were on level 8 of the Dungeon.
You worshipped Trog.
Trog was greatly pleased with you.
You were not hungry.

You visited 2 branches of the dungeon, and saw 9 of its levels.

You collected 317 gold pieces.
You spent 204 gold pieces at shops.

Inventory:

Hand Weapons
 a - a +1 flail (weapon)
 A - a +0 dagger
Missiles
 i - 232 stones (quivered)
 j - 45 sling bullets
Armour
 n - a +0 pair of gloves (worn)
 o - a +2 cloak (worn)
 v - a +2 pair of boots (worn)
 x - a +1 helmet (worn)
 z - a +1 chain mail of cold resistance (worn)
Jewellery
 h - a ring of stealth (left hand)
 s - a ring of ice (right hand)
 y - a +3 amulet of reflection (around neck)
Scrolls
 b - 6 scrolls of teleportation {@r0}
 l - 4 scrolls of fog
 p - 4 scrolls of remove curse {@r1}
 r - 3 scrolls of identify
 B - a scroll of magic mapping {unknown}
 C - a scroll of fear
Potions
 d - a potion of heal wounds {@q1}
 e - 7 potions of curing {@q2}
 f - 3 potions of magic
 g - 2 potions of cancellation
 k - 2 potions of agility
 m - 2 potions of lignification {unknown}
 q - 3 potions of haste
 t - a potion of mutation {!q}
 u - a potion of ambrosia
 w - a potion of might
Comestibles
 c - 8 rations {@e1}
 D - a chunk of flesh


   Skills:
 + Level 9.7 Fighting
 * Level 11.7 Maces & Flails
 - Level 7.8 Armour
 - Level 1.5 Dodging


You had 9 spell levels left.
You didn't know any spells.
Your spell library was empty.

Dungeon Overview and Level Annotations

Branches:
Dungeon (8/15)             Temple (1/1) D:4
   Lair: D:8-11

Altars:
Dithmenos
Fedhas
Hepliaklqana
Xom
Beogh

Shops:
D:7 =


Innate Abilities, Weirdness & Mutations

You are resistant to torment.
Your stone body is resilient. (AC +7)
You are immune to poison.
You resist negative energy. (rN+)
You are resistant to electric shocks. (rElec)
You can survive without breathing.
You are immune to petrification.
You are immune to rotting.


Message History

You take 16 damage, and have 15/67 hp.
MASSIVE DAMAGE!!
You sock the orc!
You kill the orc!
Trog accepts your kill.
The orc priest mumbles some strange prayers to Beogh against you.
Beogh smites you!
* * * LOW HITPOINT WARNING * * *
The orc throws a tomahawk.
The tomahawk hits you but does no damage.
You take 14 damage, and have 1/67 hp.
MASSIVE DAMAGE!!
The orc hits you but does no damage.
Found 16 gold pieces.
Items here: ))))))) [[[[[ †††† The orc throws a tomahawk.
The tomahawk hits you but does no damage.
Items here: ( )) [[ 2 tomahawks; a hand axe; a leather armour; an antimagic glaive; a plate armour The orc priest mumbles some strange prayers to Beogh against you.
Beogh smites you!
You die...

#...##....# #.##..# #.#
.....##..#####.##..# #.#
........##.........# #.#
#.##..########.##..####.#
....... #..........###
.<.##### ####.........##
#..## $ # #.##.......#
....
..oo#o####.##.##.#.##
.... ..ooooo)(@.##.##.#.#
..####
..oo#o####.##.##.#.#
.....# . #.#........#.#.#
.....# #..............#
.....# ###.###.#..#.#.#
.....####### #.
#....#.#.# ........#..#
#.# #.#.##.#.#
........#..###.#
#.#.##.#.#
............##)#
#.#.##.###


You could see an orc priest and 10 orcs.

Vanquished Creatures
  Harold (D:8)
  2 two-headed ogres (D:8)
  Sigmund (D:2)
  Menkaure (D:7)
  2 phantoms
  2 ice beasts
  A sky beast (D:7)
  A black bear (D:6)
  3 orc warriors (D:8)
  4 centaurs
  3 ogres
  2 big kobolds
  5 bullfrogs
  A scorpion (D:4)
  4 killer bees (D:8)
  5 howler monkeys
  5 crimson imps
  3 hounds
  A quasit (D:6)
  A centaur zombie (D:7)
  2 jellies
  2 orc priests (D:3)
  5 orc wizards
  A bullfrog skeleton (D:4)
  Jessica (D:2)
  A centaur skeleton (D:8)
  2 iguanas
  6 worker ants
  A hound skeleton (D:8)
  Robin (D:2)
  3 gnolls (D:4)
  10 adders
  A shadow imp (D:5)
  A worm (D:3)
  3 dart slugs
  2 leopard geckos
  28 orcs
  2 ball pythons
  3 bats (D:1)
  7 giant cockroaches
  9 goblins
  8 hobgoblins
  5 jackals
  3 quokkas
  3 frilled lizards
  A jackal skeleton (D:4)
  19 kobolds
  A quokka skeleton (D:5)
  2 quokka zombies
  6 rats
187 creatures vanquished.

Vanquished Creatures (collateral kills)
  2 orc warriors (D:8)
  3 orcs (D:8)
5 creatures vanquished.

Grand Total: 192 creatures vanquished

Notes
Turn   | Place    | Note
-------+----------+-------------------------------------------
     0 | D:1      | HarryHood the Gargoyle Berserker began the quest for the
                  | Orb.
     0 | D:1      | Reached XP level 1. HP: 14/14 MP: 1/1
     0 | D:1      | Found a shadowy altar of Dithmenos.
    53 | D:1      | Reached XP level 2. HP: 16/19 MP: 2/2
   251 | D:1      | Reached skill level 4 in Maces & Flails
   257 | D:1      | Reached ** piety under Trog
   267 | D:1      | Reached XP level 3. HP: 12/23 MP: 3/3
   642 | D:2      | Noticed Sigmund
   648 | D:2      | Killed Sigmund
   648 | D:2      | Reached skill level 6 in Maces & Flails
   648 | D:2      | Reached XP level 4. HP: 28/28 MP: 4/4
   648 | D:2      | Reached XP level 5. HP: 32/32 MP: 5/5
   837 | D:2      | Noticed Jessica
   840 | D:2      | Killed Jessica
   868 | D:2      | Reached XP level 6. HP: 38/38 MP: 6/6
  1044 | D:2      | Noticed Robin
  1047 | D:2      | Reached skill level 4 in Fighting
  1067 | D:2      | Killed Robin
  1684 | D:3      | Reached skill level 5 in Fighting
  2320 | D:3      | Reached *** piety under Trog
  2458 | D:4      | Reached skill level 6 in Fighting
  2458 | D:4      | Reached XP level 7. HP: 40/46 MP: 7/7
  2465 | D:4      | Found a hazy altar of Hepliaklqana.
  2596 | D:4      | Reached skill level 7 in Maces & Flails
  2983 | D:4      | Reached skill level 8 in Maces & Flails
  2983 | D:4      | Reached XP level 8. HP: 46/51 MP: 8/8
  3015 | D:4      | Found a staircase to the Ecumenical Temple.
  3027 | Temple   | Entered the Ecumenical Temple
  3245 | D:5      | Entered Level 5 of the Dungeon
  3418 | D:5      | Reached skill level 9 in Maces & Flails
  3433 | D:5      | Reached **** piety under Trog
  4129 | D:6      | Reached skill level 7 in Fighting
  4227 | D:6      | Found a shimmering altar of Xom.
  4446 | D:6      | Found a blossoming altar of Fedhas.
  4508 | D:6      | Reached XP level 9. HP: 59/59 MP: 9/9
  4524 | D:6      | Reached skill level 8 in Fighting
  5001 | D:7      | Reached skill level 9 in Fighting
  5044 | D:7      | Noticed Menkaure
  5060 | D:7      | Killed Menkaure
  5060 | D:7      | Reached skill level 3 in Armour
  5161 | D:7      | Reached skill level 4 in Armour
  5182 | D:7      | Reached skill level 5 in Armour
  5306 | D:7      | Found Derote's Jewellery Boutique.
  5333 | D:7      | Bought a +3 amulet of reflection for 204 gold pieces
  5613 | D:8      | Noticed a two-headed ogre
  5627 | D:8      | Killed a two-headed ogre
  5627 | D:8      | Reached skill level 7 in Armour
  5629 | D:8      | Reached XP level 10. HP: 62/66 MP: 10/10
  5657 | D:8      | Noticed a two-headed ogre
  5673 | D:8      | Killed a two-headed ogre
  5673 | D:8      | Reached skill level 10 in Maces & Flails
  6164 | D:8      | Reached skill level 11 in Maces & Flails
  6431 | D:8      | Found a shadowy altar of Dithmenos.
  6448 | D:8      | Noticed Harold
  6485 | D:8      | Killed Harold
  6528 | D:8      | Found a roughly hewn altar of Beogh.
  6582 | D:8      | HP: 1/67 [orc priest/divine providence (15)]
  6585 | D:8      | Killed from afar by an orc priest

Vault maps used:
D:1:      sevenhm_arrival_forest_fort_small_6
D:2:      minmay_liquid_box, uniq_jessica, uniq_sigmund, uniq_robin
D:3:      first_ration
D:4:      nicolae_overflow_crystal_walls, temple_hall
D:5:      bh_walls_and_bars
D:6:      lemuel_crystal_altar, marbit_many_paths
D:7:      nicolae_overflow_hidden_temple, serial_shops, shop, uniq_menkaure
D:8:      special_room, nicolae_dithmenos_through_a_glass_darkly, uniq_harold
Temple:   eino_temple_scatter_basement

Skill      XL: |  1  2  3  4  5  6  7  8  9 10 |
---------------+-------------------------------+-----
Maces & Flails | 4 6 8 9 11 | 11.7
Fighting       | 6 7 9 |  9.7
Armour         | 7 |  7.8
Dodging        | |  1.5

Action                   |  1- 3 |  4- 6 |  7- 9 | 10-12 || total
-------------------------+-------+-------+-------+-------++-------
Melee: Mace              |    82 |    98 |       |       ||   180
       Flail             |       |    69 |   370 |   199 ||   638
Invok: Berserk           |       |     1 |     1 |     1 ||     3
       Brothers in Arms  |       |       |       |     1 ||     1
  Use: Scroll            |     2 |    10 |     7 |     1 ||    20
       Potion            |       |       |       |     1 ||     1
 Stab: Sleeping          |     1 |     1 |       |       ||     2
  Eat: Chunk             |       |     6 |    12 |     4 ||    22
Armor: Animal skin       |    34 |    27 |       |       ||    61
       Chain mail        |       |    44 |   252 |   111 ||   407
       Ring mail         |       |     5 |       |       ||     5
Dodge: Dodged            |    65 |    76 |   149 |    63 ||   353
Block: Other             |       |       |     4 |    11 ||    15

Table legend:
 A = Non-vault XP
 B = Vault XP
 C = Vault XP percentage of total XP
 D = Non-vault monster count
 E = Vault monster count
 F = Vault count percentage of total count
                 A         B        C        D         E       F
            +---------+---------+-------+---------+---------+-------
      Total |    6315 |    1899 |  23.1 |     169 |      23 |  12.0
            +---------+---------+-------+---------+---------+-------
        D:1 |      40 |       0 |   0.0 |      22 |       0 |   0.0
        D:2 |      25 |     291 |  92.1 |      13 |       9 |  40.9
        D:3 |     210 |       0 |   0.0 |      25 |       0 |   0.0
        D:4 |     852 |       0 |   0.0 |      27 |       0 |   0.0
        D:5 |     580 |       0 |   0.0 |      18 |       0 |   0.0
        D:6 |     709 |       0 |   0.0 |      14 |       0 |   0.0
        D:7 |     801 |     172 |  17.7 |      19 |       1 |   5.0
        D:8 |    3098 |    1436 |  31.7 |      31 |      13 |  29.5
            +---------+---------+-------+---------+---------+-------
